 Dungeon Crawl Stone Soup version 0.26-a0-597-gb535b0901c (webtiles) character file.

Game seed: 4921999593853173220

(classic levelgen) 270639 EnegeticOcto the Severer (level 19, -3/160 HPs)
             Began as a Deep Dwarf Fighter on Sept 8, 2020.
             Was the Champion of Makhleb.
             Killed from afar by an ice dragon (29 damage)
             ... with a blast of cold
             ... on level 3 of the Depths.
             The game lasted 00:19:40 (16405 turns).

EnegeticOcto the Severer (Deep Dwarf Fighter)      Turns: 16405, Time: 00:19:41

Health: -3/160     AC: 30    Str: 27    XL:     19   Next: 0%
Magic:  21/21 (12) EV: 12    Int: 10    God:    Makhleb [******]
Gold:   1068       SH: 19    Dex: 10    Spells: 18/18 levels left

rFire    . . .     SeeInvis .   a - +5 broad axe (vorpal)
rCold    . . .     Faith    .   c - +0 kite shield
rNeg     + . .     Spirit   .   j - +8 plate armour of the Sturgeon {MP+9}
rPois    +         Reflect  +   m - +0 helmet
rElec    .         Harm     .   O - scarf {repulsion}
rCorr    .                      r - +2 pair of gloves
MR       ++...                  (no boots)
Stlth    ..........             g - amulet of reflection
HPRegen  0.00/turn              B - ring of poison resistance
MPRegen  0.17/turn              N - +4 ring of evasion

@: non-regenerating, repel missiles
A: damage resistance, heal wounds, blurry vision 1, clumsy 1, frail 1, negative
energy resistance 1, sense surroundings 3, no regeneration
}: 3/15 runes: serpentine, barnacled, abyssal
a: Heal Wounds, Minor Destruction, Lesser Servant of Makhleb, Major Destruction,
Greater Servant of Makhleb, Renounce Religion


You were on level 3 of the Depths.
You worshipped Makhleb.
Makhleb was exalted by your worship.
You visited 7 branches of the dungeon, and saw 33 of its levels.
You visited the Abyss 1 time.
You visited 1 bazaar.
You also visited: Sewer and Ice Cave.

You collected 4930 gold pieces.
You spent 3862 gold pieces at shops.

Inventory:

Hand Weapons
 a - a +5 vorpal broad axe (weapon)
 o - a +0 scimitar of flaming
 L - a +2 spear of distortion
Missiles
 C - 4 throwing nets (quivered)
Armour
 c - a +0 kite shield (worn)
 j - the +8 plate armour of the Sturgeon (worn) {MP+9}
   (You found it on level 2 of the Lair of Beasts)

   It affects your magic capacity (+9).
 m - a +0 helmet (worn)
 r - a +2 pair of gloves (worn)
 O - a scarf of repulsion (worn)
Jewellery
 g - an amulet of reflection (around neck)
 B - a ring of poison resistance (left hand)
 M - the ring of Dogma {+Fly Str+2 Dex+2}
   (You found it on level 1 of the Shoals)

   [ring of flight]

   It affects your strength (+2).
   It affects your dexterity (+2).
   It lets you fly.
 N - a +4 ring of evasion (right hand)
Wands
 q - a wand of paralysis (19)
 A - a wand of disintegration (35)
 D - a wand of polymorph (8)
 K - a wand of acid (2) {@v1}
 Q - a wand of digging (3) {@v3}
Scrolls
 e - 12 scrolls of remove curse {@r2}
 h - 11 scrolls of teleportation {@r3}
 i - 5 scrolls of fear
 l - 3 scrolls of immolation {@r4}
 s - 3 scrolls of identify {@r1}
 w - 2 scrolls of blinking
 x - 7 scrolls of magic mapping {@r5}
 y - a scroll of vulnerability
 H - 2 scrolls of holy word
 P - a scroll of fog
Potions
 b - 5 potions of lignification {@q7}
 d - 4 potions of might {@q3}
 f - 4 potions of stabbing {@q5}
 k - 12 potions of curing {@q1}
 n - 4 potions of flight
 p - a potion of ambrosia
 t - 7 potions of haste {@q4}
 u - 4 potions of magic
 v - 6 potions of resistance {@q6}
 z - 3 potions of heal wounds {@q2}
 F - 6 potions of mutation
 I - 3 potions of invisibility
 J - 2 potions of cancellation
Miscellaneous
 G - a condenser vane (1/2)


   Skills:
 + Level 13.3 Fighting
 * Level 20.5 Axes
 + Level 15.5 Armour
 + Level 15.4 Shields
 + Level 16.6 Invocations
 - Level 10.0 Evocations


You had 18 spell levels left.
You didn't know any spells.
Your spell library was empty.

Dungeon Overview and Level Annotations

Branches:
Dungeon (15/15)            Temple (1/1) D:7            Lair (4/6) D:8
 Shoals (4/4) Lair:4        Snake (4/4) Lair:3          Orc (2/2) D:11
    Elf (0/3) Orc:2        Vaults (0/5) D:14         Depths (3/5) D:15
  Sewer (visited)           IceCv (visited)

Altars:
Ashenzari
Cheibriados
Dithmenos
Elyvilon
Fedhas
Gozag
Hepliaklqana
Kikubaaqudgha
Makhleb
Nemelex Xobeh
Okawaru
Qazlal
Ru
Sif Muna
Trog
Uskayaw
Vehumet
Wu Jian
Xom
Yredelemnul
Zin
The Shining One
Beogh

Shops:
D:6 (   D:9 (?!!   D:11 (   D:12 *   Orc:1 !   Orc:2 ![[*   Snake:4 [

Portals:
Abyss: Depths:1
Trove: Depths:2 (give +2 storm dragon scales)

Annotations:
D:5 Prince Ribbit
D:6 1 runed translucent door, braks's ghost, novice DsNe
D:7 2 transporters, exclusion: 3 doors, p0werm0de's ghost, novice MiFi


Innate Abilities, Weirdness & Mutations

You are resistant to damage.
You can heal yourself by infusing magical energy.
You resist negative energy. (rN+)
You passively map a large area around you.
You do not regenerate.
Scrolls take you a little longer to read.
You are clumsy. (Dex -2)
You are frail. (-10% HP)


Message History

You are too injured to fight recklessly!
You are too injured to fight recklessly!
You are too injured to fight recklessly!
Your magical essence is drained by the effort!
You feel much better. You block the frost giant's attack.
The ice dragon breathes frost at you. The blast of cold hits you!!!
* * * LOW HITPOINT WARNING * * *
The slime creature closely misses you. The ice dragon closely misses you.
You block the ice dragon's attack. x2; You block the slime creature's attack.
You are too injured to fight recklessly!
You are too injured to fight recklessly!
You are too injured to fight recklessly!
You are too injured to fight recklessly!
You are too injured to fight recklessly!
You are too injured to fight recklessly!
You are too injured to fight recklessly!
You are too injured to fight recklessly!
You are too injured to fight recklessly!
You are too injured to fight recklessly!
You feel much better. You block the ice dragon's attack. x2
The ice dragon tramples you but does no damage.
The ice dragon bites you but does no damage.
The ice dragon claws you. You block the ice dragon's attack.
Two slime creatures merge to form a large slime creature.
The slime creature hits you but does no damage.
You block the slime creature's attack. You block the frost giant's attack.
Two slime creatures merge to form a very large slime creature.
You feel much better.
The ice dragon bites you but does no damage.
You block the ice dragon's attack. x2; The ice dragon completely misses you.
You block the ice dragon's attack. The ice dragon closely misses you.
The very large slime creature hits you! The slime creature hits you!
The slime creature hits you.
You are too injured to fight recklessly!
You are too injured to fight recklessly!
You are too injured to fight recklessly!
You are too injured to fight recklessly!
You are too injured to fight recklessly!
You are too injured to fight recklessly!
You are too injured to fight recklessly!
You are too injured to fight recklessly!
You are too injured to fight recklessly!
You are too injured to fight recklessly!
You are too injured to fight recklessly!
You are too injured to fight recklessly!
You are too injured to fight recklessly!
You are too injured to fight recklessly!
You are too injured to fight recklessly!
You are too injured to fight recklessly!
You closely miss the ice dragon.
The ice dragon is moderately wounded.
You slash the frost giant!
You slice the very large slime creature!!
You slash the slime creature! You barely miss the slime creature.
You hit the ice dragon but do no damage.
You block the frost giant's attack. You block the ice dragon's attack.
The ice dragon claws you but does no damage.
You block the ice dragon's attack.
The ice dragon bites you but does no damage.
The ice dragon claws you but does no damage.
The ice dragon tramples you.
You hold your ground!
The slime creature hits you but does no damage.
The very large slime creature misses you.
The slime creature misses you.
Your magical essence is drained by the effort!
You feel much better. The frost giant casts a spell at you.
The bolt of cold hits you!!!
* * * LOW HITPOINT WARNING * * *
You block the ice dragon's attack.
The ice dragon claws you but does no damage.
The ice dragon tramples you!
* * * LOW HITPOINT WARNING * * *
You hold your ground!
The ice dragon bites you but does no damage.
You block the ice dragon's attack.
The ice dragon tramples you but does no damage.
The very large slime creature hits you!
* * * LOW HITPOINT WARNING * * *
The slime creature misses you. You block the slime creature's attack.
You hit the ice dragon.
The ice dragon is heavily wounded.
You hit the frost giant but do no damage.
You slash the very large slime creature!
You hit the slime creature. x2; You hit the ice dragon.
The frost giant hits you but does no damage.
The ice dragon breathes frost at you.
The blast of cold is repelled.
Two slime creatures merge to form a large slime creature.
There is an open door here.
Evoke which item? (* to show all) (? for menu, Esc to quit)
Clouds of flame condense around you!
The large slime creature is engulfed in blazing flames.
The very large slime creature is engulfed in blazing flames.
The frost giant is engulfed in blazing flames.
The ice dragon is engulfed in blazing flames.
The ice dragon breathes frost at you. The blast of cold hits you!!
You die... #........#... , * #........#..# *####+##### #........#..# #......... #........+.. #.PPPPPPPP #..$..§§§#.. , +.PPPPPPPP

#.....§§§#.#* #.PPP≈≈≈PP
#.....§JJ#.# #.PPP≈≈≈PP
#.....§CD#.######.PP.(≈≈PP
#.....§GD@.[....'.......PP
#.....§§§#.#)####....(....
####+#####.#.# #........<
*,* *#.#.# #......... *
....# #......... *
###.####......... ,
#....'......... * ,
#.####......... * #.#
#.......<.


You could see a frost giant, 2 ice dragons, a great orb of eyes, a very large
slime creature and a large slime creature.

Vanquished Creatures
  An ancient lich (Abyss:3)
  Vashnia (Snake:4)
  A bone dragon (Abyss:4)
  3 liches
  Gastronok (D:10)
  4 tentacled starspawn
  Kirke (D:14)
  Donald (Orc:2)
  2 tengu reavers (Abyss:5)
  2 thorn hunters (Abyss:5)
  A fire giant (Depths:2)
  2 deep elf sorcerers (Abyss:5)
  4 nagarajas
  A cacodemon (Abyss:4)
  A frost giant (Depths:1)
  A deep elf elementalist (Abyss:3)
  2 stone giants
  Azrael (Snake:2)
  6 merfolk javelineers
  Snorg (D:12)
  A purple draconian (Abyss:4)
  A fire dragon (Depths:2)
  A crystal guardian (Abyss:3)
  2 ettins (Depths:1)
  7 merfolk impalers
  A yaktaur captain (D:14)
  2 great orbs of eyes (Depths:2)
  8 naga warriors
  2 rakshasas
  3 hydras
  A spriggan air mage (Depths:3)
  A catoblepas (Shoals:4)
  Erica (D:8)
  A centaur warrior (D:14)
  16 two-headed ogres
  A death knight (D:15)
  7 anacondas
  3 merfolk avatars
  2 merfolk aquamancers (Shoals:4)
  4 ogre magi
  A shambling mangrove (Abyss:5)
  3 deep troll shamans
  2 satyrs
  2 tengu warriors (Depths:2)
  11 death yaks
  12 naga sharpshooters
  2 deep troll earth magi
  Urug (D:12)
  8 thrashing horrors
  5 shock serpents
  4 sixfirhies
  A skeletal warrior (D:15)
  2 wretched stars (Abyss:3)
  A salamander mystic (Snake:4)
  2 sun demons
  7 sea snakes
  A fire crab (shapeshifter) (D:14)
  3 spatial maelstroms
  A glowing orange brain (Abyss:3)
  13 deep trolls
  A kraken simulacrum (Shoals:4)
  3 unseen horrors
  5 naga ritualists (Snake:4)
  A flayed ghost (Abyss:3)
  3 harpies (Shoals:4)
  2 wizards
  A phantasmal warrior (D:15)
  16 large abominations
  A faun (Shoals:3)
  An orc knight (D:14)
  5 manticores
  3 mana vipers
  2 orc sorcerers
  2 ugly things
  4 salamanders
  4 deep elf magi
  5 cyclopes
  3 worldbinders (Abyss:5)
  5 water nymphs
  7 guardian serpents
  13 black mambas
  A rust devil (Depths:1)
  2 merfolk sirens
  An apocalypse crab (Abyss:3)
  13 naga magi
  A gargoyle (D:11)
  6 smoke demons
  5 orange demons (Abyss:3)
  3 cane toads
  4 centaur skeletons
  A rime drake (Lair:4)
  A freezing wraith (D:15)
  9 yaktaurs
  2 tormentors (Abyss:3)
  2 efreet (Abyss:3)
  2 komodo dragons
  A hellwing (Abyss:3)
  14 trolls
  2 demonic crawlers (Abyss:3)
  7 ancient zymes
  26 merfolk
  3 polar bears
  13 slime creatures
  2 wind drakes
  A wolf spider simulacrum (Abyss:3)
  4 hornets
  9 raiju
  13 hippogriffs
  5 snapping turtles
  2 dream sheep (Shoals:4)
  A frost giant simulacrum (Abyss:5)
  21 starcursed masses
  A meliai zombie (D:13)
  A ynoxinul (Abyss:3)
  5 shadows
  27 yaks
  2 wyverns
  2 water elementals (Abyss:5)
  5 wraiths
  A vampire (D:15)
  3 basilisks
  16 humans (D:14)
  3 vampire mosquitoes (D:12)
  5 chaos spawn
  5 hogs (D:14)
  2 spatial vortices
  40 nagas
  13 hell hounds
  11 water moccasins
  5 porcupines
  4 sky beasts
  17 orc warriors
  8 phantoms
  A black bear (D:9)
  26 ogres
  9 ice beasts
  6 wolves
  3 boggarts (D:15)
  An eye of draining (D:10)
  5 centaurs
  9 crocodiles
  3 big kobolds
  9 bullfrogs
  A water moccasin zombie (D:10)
  7 scorpions
  12 small abominations
  8 killer bees
  3 electric eels
  4 wights (D:12)
  4 howler monkeys
  5 jellies
  6 centaur zombies
  A bullfrog zombie (D:9)
  5 quasits
  A wyvern simulacrum (D:12)
  14 hounds
  15 orc priests
  11 orc wizards
  6 iguanas
  6 worker ants
  A killer bee zombie (D:10)
  A bullfrog simulacrum (D:12)
  A hound zombie (D:7)
  A hound skeleton (D:5)
  11 adders
  8 river rats
  2 shadow imps
  5 white imps
  5 ufetubi
  2 oozes
  3 adder skeletons
  4 worms
  2 leopard geckos (D:10)
  70 orcs
  7 ball pythons
  5 giant cockroaches
  3 goblins
  3 hobgoblins
  4 jackals (D:3)
  30 kobolds
  2 quokkas
  2 frilled lizards
  A kobold skeleton (Abyss:3)
  A leopard gecko skeleton (D:5)
  A leopard gecko zombie (D:6)
  A quokka zombie (D:5)
  21 rats (Sewer)
  6 starspawn tentacles
1008 creatures vanquished.

Vanquished Creatures (collateral kills)
  Rupert (D:12)
  Polyphemus (Shoals:4)
  5 nagarajas (Snake:4)
  A hydra (Lair:4)
  A naga warrior (Snake:4)
  2 anacondas (Snake:4)
  A naga sharpshooter (Snake:4)
  5 sea snakes
  A mana viper (Snake:4)
  An ugly thing (D:12)
  2 naga magi (Snake:4)
  4 guardian serpents (Snake:4)
  A merfolk (Shoals:4)
  A wind drake (Shoals:4)
  A water elemental (Shoals:4)
  A large abomination (Abyss:3)
  3 nagas (Snake:4)
  An ice beast (D:12)
  A wight (D:12)
  A white imp (D:12)
  An ufetubus (D:12)
  An orc (D:12)
37 creatures vanquished.

Vanquished Creatures (others)
  A deep troll (Depths:2)
  A sea snake (Snake:4)
  A worldbinder (Abyss:5)
  A guardian serpent (Abyss:3)
  A black mamba (Snake:2)
  Psyche (D:9)
  2 small abominations (Abyss:3)
  9 fungi
  A lurking horror (Abyss:3)
  25 plants
  12 starspawn tentacles
  4 tentacles (Shoals:4)
  8 toadstools (D:7)
67 creatures vanquished.

Grand Total: 1112 creatures vanquished

Notes
Turn   | Place    | Note
-------+----------+-------------------------------------------
     0 | D:1      | EnegeticOcto the Deep Dwarf Fighter began the quest for the
                  | Orb.
     0 | D:1      | Reached XP level 1. HP: 20/20 MP: 1/1
   109 | D:2      | Reached XP level 2. HP: 24/27 MP: 2/2
   248 | D:3      | Reached skill level 3 in Axes
   249 | D:3      | Reached XP level 3. HP: 24/34 MP: 3/3
   300 | D:4      | Noticed an ogre
   308 | D:4      | Killed an ogre
   308 | D:4      | Reached XP level 4. HP: 21/42 MP: 4/4
   439 | D:4      | Reached skill level 4 in Axes
   439 | D:4      | Reached XP level 5. HP: 49/49 MP: 5/5
   602 | D:4      | Reached XP level 6. HP: 42/56 MP: 5/5
   671 | D:4      | Reached skill level 5 in Axes
   678 | D:4      | Found a glowing drain.
   810 | Sewer    | Entered a sewer
  1595 | D:5      | Entered Level 5 of the Dungeon
  1609 | D:5      | Reached XP level 7. HP: 37/64 MP: 6/6
  1655 | D:5      | Noticed Prince Ribbit
  1833 | D:5      | Reached skill level 5 in Armour
  1946 | D:5      | Reached skill level 5 in Shields
  2000 | D:5      | Got an ichor-stained scale mail
  2010 | D:5      | Identified the +3 scale mail of Supple Strength {rF+ Str+2
                  | Dex+3 SInv} (You found it on level 5 of the Dungeon)
  2047 | D:5      | Reached skill level 6 in Axes
  2220 | D:6      | Found a shattered altar of Ashenzari.
  2302 | D:6      | Reached XP level 8. HP: 33/73 MP: 5/5
  2350 | D:6      | Found Wemmin's Antique Weapon Shop.
  2376 | D:6      | Bought a runed broad axe for 217 gold pieces
  2411 | D:6      | Reached skill level 7 in Axes
  2469 | D:6      | Found a runed translucent door.
  2469 | D:6      | Noticed braks's ghost (novice DsNe)
  3188 | D:7      | Found a transporter.
  3248 | D:7      | Found a staircase to the Ecumenical Temple.
  3255 | D:7      | Reached skill level 5 in Fighting
  3282 | D:7      | Reached skill level 8 in Axes
  3290 | D:7      | Got a bound platinum ring
  3291 | D:7      | Identified the cursed ring "Fuonyu" {Str-4 Int+6} (You
                  | found it on level 7 of the Dungeon)
  3297 | Temple   | Entered the Ecumenical Temple
  3403 | Temple   | Became a worshipper of Makhleb the Destroyer
  3547 | D:7      | Reached skill level 1 in Invocations
  3552 | D:7      | Noticed a slime creature
  3553 | D:7      | Noticed a slime creature
  3698 | D:7      | Found a transporter.
  3703 | D:7      | Noticed a green ugly thing
  3717 | D:7      | Noticed p0werm0de's ghost (novice MiFi)
  3767 | D:7      | Gained mutation: You passively map the area around you.
                  | [Deep Dwarf growth]
  3767 | D:7      | Reached XP level 9. HP: 46/81 MP: 6/6
  3802 | D:8      | Reached skill level 9 in Axes
  3815 | D:8      | Found a staircase to the Lair.
  3918 | D:8      | Reached * piety under Makhleb
  3981 | D:8      | Noticed Erica
  4013 | D:8      | Killed Erica
  4013 | D:8      | Reached skill level 10 in Axes
  4013 | D:8      | Reached XP level 10. HP: 32/92 MP: 7/7
  4139 | D:8      | Reached skill level 5 in Invocations
  4252 | D:8      | Found a snail-covered altar of Cheibriados.
  4382 | D:9      | Found Weshris's Distillery.
  4409 | D:9      | Noticed Psyche
  4417 | D:9      | Paralysed by Psyche for 5 turns
  4421 | D:9      | Killed Psyche
  4569 | D:9      | Found Wowayxai's Weapon Shop.
  4579 | D:9      | Reached ** piety under Makhleb
  4594 | D:9      | Found Pachu's Magic Scroll Shop.
  4606 | D:9      | Bought a scroll of enchant weapon for 90 gold pieces
  4788 | D:9      | Found Ittigaewn's Distillery.
  5022 | D:10     | Entered Level 10 of the Dungeon
  5035 | D:10     | Noticed Gastronok
  5051 | D:10     | Killed Gastronok
  5051 | D:10     | Reached skill level 11 in Axes
  5051 | D:10     | Reached XP level 11. HP: 100/100 MP: 7/7
  5221 | D:10     | Noticed a two-headed ogre
  5227 | D:10     | Killed a two-headed ogre
  5288 | D:10     | Reached *** piety under Makhleb
  5376 | D:10     | Reached skill level 12 in Axes
  5666 | D:11     | Killed an unseen horror
  5860 | D:11     | Found a staircase to the Orcish Mines.
  5884 | D:11     | Found Wogipnai's Weapon Boutique.
  6277 | D:11     | Paralysed by a hornet for 1 turns
  6338 | D:12     | Noticed a deep elf mage
  6349 | D:12     | Killed a deep elf mage
  6422 | D:12     | Noticed Snorg
  6428 | D:12     | Reached **** piety under Makhleb
  6440 | D:12     | Killed Snorg
  6440 | D:12     | Reached XP level 12. HP: 73/110 MP: 10/10
  6521 | D:12     | Found Camysm's Assorted Antiques.
  6530 | D:12     | Bought a scroll labeled POJ DIONOSH for 25 gold pieces
  6530 | D:12     | Bought a scroll labeled PEGITUCS SIPPU for 25 gold pieces
  6532 | D:12     | Bought a scroll of enchant weapon for 187 gold pieces
  6539 | D:12     | Noticed Urug
  6566 | D:12     | Killed Urug
  6566 | D:12     | Reached skill level 13 in Axes
  6590 | D:12     | Reached skill level 10 in Armour
  6676 | D:12     | Noticed Rupert
  6710 | D:12     | Killed Rupert
  6710 | D:12     | Reached skill level 10 in Shields
  7165 | Orc:1    | Entered Level 1 of the Orcish Mines
  7165 | Orc:1    | Found Lilyl's Distillery.
  7551 | Lair:1   | Entered Level 1 of the Lair of Beasts
  7609 | Lair:1   | Noticed a seven-headed hydra
  7615 | Lair:1   | Killed a ten-headed hydra
  7615 | Lair:1   | Reached skill level 10 in Invocations
  7646 | Lair:2   | Reached skill level 14 in Axes
  7726 | Lair:2   | Identified the +8 plate armour of the Sturgeon {MP+9} (You
                  | found it on level 2 of the Lair of Beasts)
  8395 | Lair:3   | Reached XP level 13. HP: 117/121 MP: 6/6
  8470 | Lair:3   | Reached ***** piety under Makhleb
  8544 | Lair:3   | Found a staircase to the Snake Pit.
  8573 | Lair:3   | Found a frozen archway.
  8589 | IceCv    | Entered an ice cave
  8590 | IceCv    | Found a transporter.
  9269 | Lair:4   | Found a staircase to the Shoals.
  9626 | Orc:2    | Entered Level 2 of the Orcish Mines
  9635 | Orc:2    | Reached skill level 15 in Axes
  9678 | Orc:2    | Reached skill level 1 in Evocations
  9729 | Orc:2    | Found a roughly hewn altar of Beogh.
  9743 | Orc:2    | Found Ydoseos's Assorted Antiques.
  9746 | Orc:2    | Noticed Donald
  9763 | Orc:2    | Killed Donald
  9764 | Orc:2    | Gained mutation: You resist negative energy. (rN+) [Deep
                  | Dwarf growth]
  9764 | Orc:2    | Reached XP level 14. HP: 130/130 MP: 8/8
  9766 | Orc:2    | Reached skill level 10 in Fighting
  9771 | Orc:2    | Found Qaekuis's Antique Armour Boutique.
  9774 | Orc:2    | Found Guoh's Antique Armour Emporium.
  9797 | Orc:2    | Bought a scroll labeled PISHRA ANLE for 32 gold pieces
  9852 | Orc:2    | Found Keubiwk's Distillery.
  9892 | Orc:2    | Bought a bloodstained plate armour for 812 gold pieces
  9892 | Orc:2    | Identified the cursed +1 plate armour of the Untouchables
                  | {-Cast Regen+ Slay+3} (You bought it in a shop on level 2
                  | of the Orcish Mines)
  9895 | Orc:2    | Identified a scroll of acquirement
  9896 | Orc:2    | Acquired 2500 gold pieces
  9904 | Orc:2    | Bought a glowing scarf for 280 gold pieces
  9920 | Orc:2    | Bought a potion of resistance for 150 gold pieces
  9920 | Orc:2    | Bought 2 potions of haste for 300 gold pieces
  9920 | Orc:2    | Bought a potion of invisibility for 120 gold pieces
  9920 | Orc:2    | Bought a potion of haste for 150 gold pieces
  9946 | Orc:2    | Found a staircase to the Elven Halls.
 10082 | D:9      | Bought a potion of might for 56 gold pieces
 10082 | D:9      | Bought a potion of might for 56 gold pieces
 10082 | D:9      | Bought a potion of invisibility for 112 gold pieces
 10082 | D:9      | Bought a potion of resistance for 140 gold pieces
 10082 | D:9      | Bought a potion of resistance for 140 gold pieces
 10082 | D:9      | Bought 2 potions of mutation for 224 gold pieces
 10121 | D:9      | Bought a potion of resistance for 130 gold pieces
 10121 | D:9      | Bought a potion of cancellation for 104 gold pieces
 10121 | D:9      | Bought a potion of mutation for 104 gold pieces
 10182 | Orc:1    | Bought a potion of haste for 170 gold pieces
 10182 | Orc:1    | Bought a potion of resistance for 170 gold pieces
 10182 | Orc:1    | Bought a potion of might for 68 gold pieces
 10845 | Snake:1  | Entered Level 1 of the Snake Pit
 10865 | Snake:2  | Noticed Azrael
 10875 | Snake:2  | Reached ****** piety under Makhleb
 10897 | Snake:2  | Killed Azrael
 10897 | Snake:2  | Reached skill level 5 in Evocations
 10915 | Snake:2  | Reached skill level 16 in Axes
 10924 | Snake:3  | Noticed a nagaraja
 10965 | Snake:3  | Noticed a nagaraja
 10974 | Snake:3  | Killed a nagaraja
 10977 | Snake:3  | Killed a nagaraja
 11160 | Snake:3  | Found a flickering gateway to a bazaar.
 11181 | Bazaar   | Entered a bazaar
 11181 | Bazaar   | Found Pokhloox's Armour Shoppe.
 11181 | Bazaar   | Found Fenysiup's Jewellery Shoppe.
 11181 | Bazaar   | Found Jafoxas's Antique Weapon Emporium.
 11183 | Bazaar   | Found Riruchaw's Gadget Emporium.
 11212 | Snake:4  | Entered Level 4 of the Snake Pit
 11257 | Snake:4  | Reached XP level 15. HP: 117/140 MP: 10/10
 11349 | Snake:4  | Noticed a nagaraja
 11376 | Snake:4  | Killed a nagaraja
 11389 | Snake:4  | Found Otso's Armour Boutique.
 11549 | Snake:4  | Noticed Vashnia
 11563 | Snake:4  | Killed Vashnia
 11568 | Snake:4  | Noticed a nagaraja
 11579 | Snake:4  | Killed a nagaraja
 11602 | Snake:4  | Noticed a nagaraja
 11607 | Snake:4  | Reached skill level 17 in Axes
 11620 | Snake:4  | Killed a nagaraja
 11672 | Snake:4  | Noticed a nagaraja
 11685 | Snake:4  | Killed a nagaraja
 11692 | Snake:4  | Noticed a nagaraja
 11701 | Snake:4  | Killed a nagaraja
 11711 | Snake:4  | Noticed a nagaraja
 11717 | Snake:4  | Killed a nagaraja
 11722 | Snake:4  | Noticed a nagaraja
 11731 | Snake:4  | Killed a nagaraja
 11745 | Snake:4  | Got a serpentine rune of Zot
 11888 | Snake:2  | Reached XP level 16. HP: 134/150 MP: 10/12
 12004 | Shoals:1 | Entered Level 1 of the Shoals
 12061 | Shoals:1 | Got a flickering brass ring
 12070 | Shoals:1 | Identified the ring of Dogma {+Fly Str+2 Dex+2} (You found
                  | it on level 1 of the Shoals)
 12446 | Shoals:4 | Entered Level 4 of the Shoals
 12530 | Shoals:4 | Noticed Polyphemus
 12539 | Shoals:4 | Reached skill level 18 in Axes
 12549 | Shoals:4 | Killed Polyphemus
 12592 | Shoals:4 | Reached skill level 10 in Evocations
 12921 | Shoals:4 | Got a barnacled rune of Zot
 13242 | D:14     | Found a gate to the Vaults.
 13254 | D:14     | Reached XP level 17. HP: 159/159 MP: 12/12
 13417 | D:14     | Noticed Kirke
 13427 | D:14     | Killed Kirke
 13432 | D:14     | You fall into a shaft and drop 1 floor!
 13432 | D:15     | Entered Level 15 of the Dungeon
 13947 | D:15     | Found a shadowy altar of Dithmenos.
 14042 | D:15     | Reached skill level 15 in Invocations
 14064 | D:15     | Found a staircase to the Depths.
 14090 | D:15     | Gained mutation: You are frail. (-10% HP) [mutagenic glow]
 14105 | D:15     | Gained mutation: You are clumsy. (Dex -2) [mutagenic glow]
 14124 | D:15     | Gained mutation: Scrolls take you a little longer to read.
                  | [mutagenic glow]
 14290 | D:15     | Cast into level 3 of the Abyss (unwielding a weapon of
                  | distortion)
 14299 | Abyss:3  | Found a corrupted altar of Lugonu.
 14515 | Abyss:3  | Reached skill level 19 in Axes
 14788 | Abyss:3  | Found a corrupted altar of Lugonu.
 14937 | Abyss:3  | Noticed an ancient lich
 14947 | Abyss:3  | Paralysed by an ancient lich for 6 turns
 14972 | Abyss:3  | Killed an ancient lich
 15389 | Abyss:4  | Gained mutation: You passively map a large area around you.
                  | [Deep Dwarf growth]
 15389 | Abyss:4  | Reached XP level 18. HP: 153/153 MP: 13/13
 15408 | Abyss:4  | Noticed a bone dragon
 15428 | Abyss:4  | Killed a bone dragon
 15666 | Abyss:5  | Entered Level 5 of the Abyss
 15676 | Abyss:5  | Reached skill level 15 in Armour
 15719 | Abyss:5  | Reached skill level 15 in Shields
 15748 | Abyss:5  | Reached skill level 20 in Axes
 15761 | Abyss:5  | Got an abyssal rune of Zot
 15782 | D:15     | Escaped the Abyss
 15797 | D:15     | Noticed a Brimstone Fiend
 15825 | Depths:1 | Entered Level 1 of the Depths
 15833 | Depths:1 | Found a one-way gate to the infinite horrors of the Abyss.
 16025 | Depths:2 | Noticed a lich
 16030 | Depths:2 | Killed a lich
 16077 | Depths:2 | Noticed a lich
 16092 | Depths:2 | Killed a lich
 16267 | Depths:2 | Found a portal to a secret trove of treasure.
 16381 | Depths:3 | Reached XP level 19. HP: 87/160 MP: 14/14
 16405 | Depths:3 | Killed from afar by an ice dragon

Illustrated notes

Levels and vault maps discovered:
D:1:      erik_arrival_blinker_ship, layout_basic, minmay_misc_feat_hallway
D:2:      layout_loops_ring
D:3:      layout_rooms, trog_book
D:4:      layout_loops_ring, lightli_sewer_entry_pipes
D:5:      minmay_spotlight, layout_basic, minmay_diced_spiral,
          uniq_prince_ribbit1
D:6:      layout_basic, hellmonk_ghost_happy_afterlife, serial_shops,
          nicolae_shop_waterfront, nicolae_ashenzari_panopticon
D:7:      cheibrodos_fertilizer, layout_rooms, minmay_temple_entry_mist,
          gammafunk_ghost_abyssal_escape
D:8:      layout_cave_pools, nicolae_overflow_crystal_walls,
          minmay_lair_entry_grove, nicolae_water_bricks, uniq_erica
D:9:      layout_basic, serial_shops, shop, nicolae_shop_statue_plus,
          nicolae_shop_trees, nicolae_shop_stone, uniq_psyche
D:10:     layout_rooms, uniq_gastronok
D:11:     layout_long_grid, orc_david_3
D:12:     layout_gridville, serial_shops, nicolae_shop_overgrown_old_shop,
          serial_ice, serial_ice_g, serial_ice_f, serial_ice_e, serial_ice_b,
          serial_ice_c, serial_ice_j, serial_ice_o, uniq_snorg, uniq_rupert,
          uniq_urug
D:13:     layout_roguey
D:14:     wad_statue_garden, layout_irregular_city, david_vaults_3,
          fake_guardian_serpent_vault, uniq_kirke
D:15:     grunt_enter_depths_magical_seal, layout_gridville,
          nicolae_dithmenos_through_a_glass_darkly
Temple:   kilobyte_greek_temple
Lair:1:   layout_regular_city, basic_altar, uniq_harold
Lair:2:   layout_loops_ring, grunt_megastairs_1
Lair:3:   layout_chaotic_city, guppyfry_snake_entry_island,
          portal_ice_cave_entry_pillars_1
Lair:4:   layout_gridlike, shoals_dummy_entry, beast_lair_carwin_1
Shoals:1: layout_shoals, st_sunken_temple
Shoals:2: layout_shoals, lemuel_altar_in_water
Shoals:3: layout_shoals, serial_shops, shop, nicolae_shoals_mertower
Shoals:4: shoals_end_grunt_ice, layout_shoals, uniq_polyphemus
Snake:1:  layout_chambers, grunt_ministairs_7,
          nicolae_snake_serpentine_hallways, st_stairs_9, serial_bayou_shore_b,
          uniq_frances
Snake:2:  layout_grid_shapes, serial_shops,
          nicolae_shop_temple_entry_statues_fountains, uniq_azrael
Snake:3:  layout_misc_corridors, serial_shops, bzr_entry_dummy
Snake:4:  grunt_snake_rune_pools, layout_grid_shapes, serial_shops, shop,
          uniq_vashnia
Orc:1:    layout_caves, basic_altar, serial_shops,
          nicolae_shop_temple_entry_statues_fountains
Orc:2:    st_orc_open, layout_caves, basic_altar, uniq_donald
Depths:1: layout_basic, serial_shops, shop, abyss_entry,
          minmay_misc_feat_ornament, grunt_mini_vestibule, lemuel_flamethrower_2
Depths:2: constructs_gauntlet_mu_hangedman, layout_basic, nrook_mini_vaults,
          pf_hell_entry_great_geh, enter_trove_6, infiniplex_staircase_x
Depths:3: minmay_broken_ring, layout_gridlike, lemuel_statue_altar,
          serial_shops, nicolae_shop_temple_entry_statues_fountains,
          grunt_hell_entry_dis_old, grunt_pan_entry_sceptre

Skill      XL: |  1  2  3  4  5  6  7  8  9 10 11 12 13 14 15 16 17 18 |
---------------+-------------------------------------------------------+-----
Axes           | 3 4 5 6 8 10 11 12 14 15 16 17 18 19 20 | 20.5
Fighting       | 3 4 5 6 7 8 9 10 11 12 13 | 13.3
Armour         | 4 5 6 7 8 9 10 11 12 13 14 15 | 15.5
Shields        | 4 5 6 7 8 9 10 11 12 13 14 15 | 15.4
Invocations    | 1 4 6 8 10 11 12 13 14 15 16 | 16.6
Evocations     | 3 6 8 10 | 10.0

Action                   |  1- 3 |  4- 6 |  7- 9 | 10-12 | 13-15 | 16-18 | 19-21 || total
-------------------------+-------+-------+-------+-------+-------+-------+-------++-------
Melee: War axe           |    73 |    40 |       |       |       |       |       ||   113
       Hand axe          |       |   154 |   138 |       |       |       |       ||   292
       Broad axe         |       |       |   178 |   586 |   688 |  1447 |     7 ||  2906
Invok: Lesser Servant of |       |       |       |     4 |     2 |     2 |       ||     8
       Greater Servant o |       |       |       |       |     4 |     2 |       ||     6
 Abil: Heal Wounds       |     1 |     3 |    18 |    21 |     6 |    13 |     6 ||    68
Evoke: Wand              |       |       |     3 |       |       |     4 |       ||     7
       Condenser vane    |       |       |       |       |     1 |     6 |     1 ||     8
  Use: Scroll            |       |       |     8 |    17 |     5 |     7 |       ||    37
       Potion            |       |       |       |     2 |     1 |     2 |       ||     5
 Stab: Distracted        |       |       |       |     6 |     3 |     1 |       ||    10
Armor: Scale mail        |    22 |    80 |    60 |       |       |       |       ||   162
       Chain mail        |       |       |   121 |    47 |       |       |       ||   168
       Plate armour      |       |       |       |   214 |   484 |   598 |    17 ||  1313
Dodge: Dodged            |    22 |    51 |    95 |   101 |   182 |   433 |    21 ||   905
       Repelled          |       |       |       |       |    18 |    12 |     1 ||    31
Block: Kite shield       |    38 |   101 |   209 |   528 |   804 |  1197 |    34 ||  2911
       Reflection        |       |       |       |     9 |    85 |    57 |       ||   151

Table legend: (Time is in decaauts)
 A = Elapsed time spent in this place.
 B = Non-inter-level travel time spent in this place.
 C = Inter-level travel time spent in this place.
 D = Time resting spent in this place.
 E = Time spent auto-exploring this place.
 F = Levels seen in this place.
 G = Mean time per level.
                   A        B        C        D        E       F      G
               +--------+--------+--------+--------+--------+-----+--------+
         Total |  16173 |  14425 |   1748 |    241 |   8760 |  39 |  414.7 |
       Dungeon |   8675 |   7719 |    956 |    203 |   5202 |  15 |  578.3 |
        Temple |    146 |    107 |     39 |      0 |     91 |   1 |  146.0 |
          Lair |   2165 |   1755 |    410 |      0 |   1411 |   4 |  541.2 |
        Shoals |   1025 |    892 |    133 |     11 |    182 |   4 |  256.2 |
     Snake Pit |   1019 |    871 |    148 |     15 |    297 |   4 |  254.8 |
  Orcish Mines |    751 |    703 |     48 |      0 |    451 |   2 |  375.5 |
        Depths |    527 |    513 |     14 |      0 |    272 |   3 |  175.7 |
         Abyss |   1297 |   1297 |      0 |     12 |    466 |   3 |  432.3 |
        Bazaar |     16 |     16 |      0 |      0 |     12 |   1 |   16.0 |
         Sewer |    518 |    518 |      0 |      0 |    364 |   1 |  518.0 |
      Ice Cave |     28 |     28 |      0 |      0 |     12 |   1 |   28.0 |
               +--------+--------+--------+--------+--------+-----+--------+

Top non-repeatable levels by time:
     D:6: 983 daAuts
 Abyss:3: 899 daAuts
     D:4: 869 daAuts
    D:12: 862 daAuts
    D:15: 843 daAuts
     D:9: 788 daAuts
  Lair:3: 787 daAuts
    D:11: 787 daAuts
    D:10: 787 daAuts
  Lair:2: 758 daAuts
     D:5: 618 daAuts
     D:8: 614 daAuts
 Snake:4: 606 daAuts
    D:13: 537 daAuts
   Sewer: 518 daAuts
